[Event "ICC tourney 1955 (60 10)"]
[Site "Internet Chess Club"]
[Date "2020.08.08"]
[Round "6"]
[White "xx99754539"]
[Black "annameiyappan"]
[Result "0-1"]
[ICCResult "White checkmated"]
[WhiteElo "1949"]
[BlackElo "2088"]
[Opening "Scandinavian (center counter) defense"]
[ECO "B01"]
[NIC "SD.01"]
[Time "18:37:32"]
[TimeControl "3600+10"]

1. e4 d5 2. exd5 Qxd5 3. Nc3 Qa5 4. Nf3 Nf6 5. d4 c6 6. Bc4 Bf5 7. O-O e6 8.
Bf4 Qd8 9. Re1 Bd6 10. Ne5 Bxe5 11. Bxe5 O-O 12. h3 Nd5 13. Ne4 Bg6 14. Nd6
Qe7 15. Bb3 Nd7 16. Bh2 N7b6 17. c4 Nf6 18. c5 Nbd5 19. Qd2 Qd7 20. a4 Ne8
21. Nc4 b6 22. Bd1 bxc5 23. dxc5 Nec7 24. Ne5 Qe8 25. h4 Rd8 26. Qa5 Rc8 27.
h5 Bf5 28. g4 f6 29. Nc4 Bd3 30. Nd6 Qd7 31. Nxc8 Rxc8 32. Bf3 e5 33. Qd2 e4
34. Bxe4 Qxg4+ 35. Bg2 Bf5 36. Qd1 Qg5 37. Kh1 Bg4 38. Qd3 Qxh5 39. Qg3 Ne6
40. Rac1 Nef4 41. f3 Bf5 42. Rcd1 Nd3 43. Re2 N5f4 44. Red2 Re8 45. b4 Ne2
46. Qd6 Nf2# {White checkmated} 0-1

[Event "ICC tourney 1955 (60 10)"]
[Site "Internet Chess Club"]
[Date "2020.08.08"]
[Round "6"]
[White "pawnpush202044"]
[Black "sushi96"]
[Result "1-0"]
[ICCResult "Black resigns"]
[WhiteElo "1872"]
[BlackElo "1884"]
[Opening "English opening"]
[ECO "A20"]
[NIC "EO.24"]
[Time "18:37:46"]
[TimeControl "3600+10"]

1. c4 e5 2. g3 c6 3. d4 e4 4. d5 Bb4+ 5. Bd2 Qe7 6. Nc3 Nf6 7. Rc1 O-O 8.
Qc2 Bc5 9. e3 cxd5 10. Nxd5 Qd8 11. Bg2 Nxd5 12. cxd5 d6 13. Bxe4 f5 14. Bg2
Bd7 15. Nf3 f4 16. gxf4 Bf5 17. Qb3 Nd7 18. Ng5 Qb6 19. Qxb6 Bxb6 20. Ne6
Bxe6 21. dxe6 Nc5 22. O-O Nxe6 23. Bxb7 Rae8 24. Bd5 Kh8 25. Rc6 Nc5 26. Bc3
Na4 27. Rxd6 Nxc3 28. bxc3 Rd8 29. Rxd8 Rxd8 30. c4 g6 31. Kg2 Kg7 32. e4
Rf8 33. Rc1 Bc5 34. Kg3 Kf6 35. f3 Ke7 36. Rb1 Bb6 37. Rb5 Rc8 38. a4 Rc5
39. Rxc5 Bxc5 40. Kg4 h6 41. h4 a5 42. h5 gxh5+ 43. Kxh5 Be3 44. f5 Kf6 45.
Kg4 Ke5 46. f4+ Bxf4 47. f6 Bg5 48. f7 Be7 49. Kh5 Bf8 50. Kg6 Kd6 51. Kh7
Ke5 52. Kg8 Bc5 53. f8=Q Bxf8 54. Kxf8 h5 55. c5 h4 56. Bc4 h3 57. Bf1 h2
58. Bg2 Ke6 59. c6 Kd6 60. e5+ Kc7 61. e6 {Black resigns} 1-0

[Event "ICC tourney 1955 (60 10)"]
[Site "Internet Chess Club"]
[Date "2020.08.08"]
[Round "6"]
[White "chessw23"]
[Black "Kiwiinoz"]
[Result "1-0"]
[ICCResult "Black resigns"]
[WhiteElo "1878"]
[BlackElo "2026"]
[Opening "Two knights defense (Modern bishop's opening)"]
[ECO "C55"]
[NIC "IG.01"]
[Time "18:37:24"]
[TimeControl "3600+10"]

1. e4 e5 2. Nf3 Nc6 3. Bc4 Nf6 4. d3 Be7 5. c3 O-O 6. O-O d5 7. exd5 Nxd5 8.
Re1 Bg4 9. h3 Bh5 10. Nbd2 a6 11. Qc2 Bf6 12. g4 Bg6 13. Ne4 Nb6 14. Bb3 Be7
15. Rd1 Kh8 16. Qe2 h6 17. d4 exd4 18. Nxd4 Nxd4 19. Rxd4 Qe8 20. Bf4 f5 21.
Ng3 Bc5 22. Qxe8 Raxe8 23. Rd2 fxg4 24. Bxc7 gxh3 25. Bd6 Bxd6 26. Rxd6 Rf6
27. Rxf6 gxf6 28. Rd1 Re7 29. Kh2 Kg7 30. Kxh3 Nd7 31. Rg1 Kh7 32. Kg2 Nc5
33. Bd5 b6 34. Rd1 Nd3 35. b3 Nf4+ 36. Kf3 Nxd5 37. Rxd5 Bb1 38. Rd6 Bxa2
39. Rxb6 Ra7 40. b4 Bd5+ 41. Ke3 a5 42. bxa5 Rxa5 43. Rxf6 Bg2 44. Nf5 h5
45. Rh6+ Kg8 46. Rxh5 Re5+ 47. Kd4 Re4+ 48. Kd3 Bf3 49. Rg5+ Kf8 50. Ng3 Re1
51. Rf5+ {Black resigns} 1-0

[Event "ICC tourney 1955 (60 10)"]
[Site "Internet Chess Club"]
[Date "2020.08.08"]
[Round "6"]
[White "H2ODerp"]
[Black "saatvik"]
[Result "1-0"]
[ICCResult "Black checkmated"]
[WhiteElo "2091"]
[BlackElo "1789"]
[Opening "Pirc: Ufimtsev-Pytel variation"]
[ECO "B07"]
[NIC "PU.08"]
[Time "18:37:45"]
[TimeControl "3600+10"]

1. e4 d6 2. d4 Nf6 3. Nc3 c6 4. Nf3 Bg4 5. Be2 e6 6. Be3 Be7 7. h4 Nbd7 8.
Nd2 Bxe2 9. Qxe2 b5 10. Nd1 Nb6 11. f3 Nfd7 12. h5 h6 13. Qf2 Qc7 14. Qe2 d5
15. e5 a6 16. c3 c5 17. f4 c4 18. a3 O-O-O 19. Bf2 Kb7 20. Ne3 Na4 21. Nf3
Ra8 22. Bh4 Bxh4+ 23. Nxh4 Rhb8 24. f5 a5 25. fxe6 fxe6 26. O-O b4 27. axb4
axb4 28. cxb4 Qb6 29. Qg4 g5 30. Nxd5 Qd8 31. Qxe6 Ra6 32. Qf7 gxh4 33. b5
Raa8 34. e6 Nb6 35. Rxa8 Rxa8 36. Nxb6 Qxb6 37. Qxd7+ Qc7 38. Qd5+ Kb6 39.
Qxa8 Qg3 40. Qa6+ Kc7 41. Qc6+ Kb8 42. Rf8+ Ka7 43. Ra8# {Black checkmated}
1-0

[Event "ICC tourney 1955 (60 10)"]
[Site "Internet Chess Club"]
[Date "2020.08.08"]
[Round "6"]
[White "Jonjons"]
[Black "albertyao"]
[Result "0-1"]
[ICCResult "White forfeits on time"]
[WhiteElo "1717"]
[BlackElo "1950"]
[Opening "King's Indian: 4.e4"]
[ECO "E70"]
[NIC "KI.31"]
[Time "18:36:55"]
[TimeControl "3600+10"]

1. d4 Nf6 2. c4 g6 3. Nc3 Bg7 4. e4 d6 5. Bd3 O-O 6. Nge2 e5 7. d5 a5 8. O-O
Na6 9. a3 Bd7 10. f3 Nc5 11. Bc2 a4 12. Be3 Qe8 13. Qd2 Nh5 14. Rae1 Qd8 15.
Qd1 Qe8 16. Qd2 b6 17. h3 f5 18. exf5 gxf5 19. Bf2 Kh8 20. Kh2 e4 21. Bxc5
bxc5 22. fxe4 Be5+ 23. Kh1 f4 24. Rf3 Rb8 25. Bd1 Ra8 26. Nc1 Qg6 27. Nd3
Rg8 28. Nxe5 dxe5 29. Qf2 Ng3+ 30. Rxg3 Qxg3 31. Qxg3 Rxg3 32. Rf1 Rd3 33.
Rf2 Rd4 34. Be2 Rb8 35. Bf1 Kg7 36. Rc2 Kg6 37. Kg1 Kg5 38. Kf2 Be8 39. Be2
h5 40. Bf1 Rb7 41. Be2 h4 42. Ke1 Ra7 43. Kf2 Ra8 44. Bf1 Bh5 45. Nb5 Rxe4
46. Nxc7 Rc8 47. Ne6+ Kf6 48. Bd3 Re3 49. Rd2 Bf7 50. Be2 Bxe6 51. dxe6 Rb8
52. Bd1 Kxe6 53. Bxa4 Rb7 54. Bb5 Rg3 {White forfeits on time} 0-1

[Event "ICC tourney 1955 (60 10)"]
[Site "Internet Chess Club"]
[Date "2020.08.08"]
[Round "6"]
[White "Lukastico"]
[Black "Rohith-p"]
[Result "1-0"]
[ICCResult "Black checkmated"]
[WhiteElo "1968"]
[BlackElo "2071"]
[Opening "Queen's pawn game"]
[ECO "E10"]
[NIC "QI.01"]
[Time "18:37:19"]
[TimeControl "3600+10"]

1. Nf3 Nf6 2. d4 e6 3. c4 d5 4. g3 Bb4+ 5. Bd2 Be7 6. Bg2 c6 7. O-O Ne4 8.
Nc3 O-O 9. Bf4 g5 10. Bxb8 Rxb8 11. Qd3 f5 12. Ne5 Bf6 13. f4 dxc4 14. Qe3
Bxe5 15. fxe5 Nxc3 16. bxc3 h6 17. Rab1 Bd7 18. a4 a5 19. Rb2 b5 20. Rfb1
Kg7 21. axb5 cxb5 22. Qd2 Qb6 23. e4 fxe4 24. Bxe4 Rfc8 25. Qf2 Qd8 26. Qe3
Qe7 27. h4 Kh8 28. Rh2 Kg7 29. hxg5 Qxg5 30. Qxg5+ hxg5 31. Rh7+ Kg8 32.
Rxd7 b4 33. Kf2 b3 34. Ra7 Rb5 35. Ke2 Rf8 36. Bh7+ Kh8 37. Rh1 b2 38. Bf5+
Kg8 39. Bxe6+ Rf7 40. Bxf7+ Kf8 41. Bg6 b1=N 42. Rh8# {Black checkmated} 1-0

[Event "ICC tourney 1955 (60 10)"]
[Site "Internet Chess Club"]
[Date "2020.08.08"]
[Round "6"]
[White "pianopro32"]
[Black "vedrau"]
[Result "0-1"]
[ICCResult "White resigns"]
[WhiteElo "1974"]
[BlackElo "1970"]
[Opening "Alekhine's defense"]
[ECO "B03"]
[NIC "AL.09"]
[Time "18:36:55"]
[TimeControl "3600+10"]

1. e4 Nf6 2. e5 Nd5 3. d4 Nb6 4. a4 a5 5. c4 d6 6. exd6 cxd6 7. Nc3 g6 8.
Nf3 Bg7 9. Be2 Bg4 10. O-O O-O 11. b3 Nc6 12. Nb5 d5 13. c5 Nd7 14. Ba3 Re8
15. Re1 Nf8 16. Qd2 Rc8 17. Rac1 Ne6 18. Bb2 h5 19. h3 Bxf3 20. Bxf3 Kh7 21.
Rxe6 fxe6 22. Re1 Rf8 23. Qd3 Nb4 24. Qb1 Rf5 25. Rxe6 Qe8 26. Nd6 Qd7 27.
Nxf5 Qxe6 28. Nh4 Qf6 29. g3 Rf8 30. Bc1 Bh6 31. Ba3 e6 32. Bxh5 Qxf2+ 33.
Kh1 Qxg3 34. Qxg6+ Qxg6 35. Bxg6+ Kg7 36. Bxb4 axb4 37. Bd3 Rf4 38. c6 bxc6
39. a5 Bg5 40. Ng6 Rxd4 41. Be2 Kxg6 42. a6 Rf4 43. Bd3+ Kh5 {White resigns}
0-1

[Event "ICC tourney 1955 (60 10)"]
[Site "Internet Chess Club"]
[Date "2020.08.08"]
[Round "6"]
[White "HarleyQueen8"]
[Black "Joshua1"]
[Result "1-0"]
[ICCResult "Black resigns"]
[WhiteElo "1742"]
[BlackElo "1847"]
[Opening "QGD: Orthodox defense, Rubinstein attack, Karlsbad variation"]
[ECO "D64"]
[NIC "SL.03"]
[Time "18:37:52"]
[TimeControl "3600+10"]

1. d4 d5 2. c4 c6 3. Nf3 Nf6 4. Nc3 e6 5. Bg5 Be7 6. e3 Nbd7 7. Qc2 O-O 8.
Rc1 a6 9. c5 b6 10. cxb6 Qxb6 11. Bd3 h6 12. Bxf6 Nxf6 13. O-O Bb7 14. Na4
Qc7 15. Nc5 Rfc8 16. Ne5 Bxc5 17. Qxc5 Nd7 18. Nxd7 Qxd7 19. Rc3 Rc7 20.
Rfc1 Qe7 21. Qxe7 Rxe7 22. Rc5 Kf8 23. Ra5 Ke8 24. Rc3 Rc7 25. Rb3 Bc8 26.
Rb6 Ke7 27. b4 f6 28. Bxa6 Rca7 29. Bxc8 Rxa5 30. Rb7+ Kd8 31. bxa5 Kxc8 32.
Rxg7 Rxa5 33. Rg6 Rxa2 34. g3 e5 35. Rxf6 exd4 36. exd4 Kd7 37. Rxh6 Ra4 38.
Rh4 Ke6 39. Rf4 Ke7 40. h4 Ra8 41. h5 Rh8 42. g4 Ke6 43. Kg2 Kd6 44. Kg3 c5
45. dxc5+ Kxc5 46. Kf3 d4 47. Ke2 Kc4 48. Kd2 Ra8 49. Ke2 Re8+ 50. Kf3 Kc3
51. Rf7 d3 52. Rd7 d2 53. h6 Re7 54. Rxd2 Kxd2 55. g5 Rh7 56. Kg4 Kd3 57.
Kh5 Ra7 58. g6 Ra5+ 59. Kg4 Ra4+ 60. Kf5 Ra5+ 61. Kg4 Ra4+ 62. Kg3 Ra6 63.
g7 Rg6+ 64. Kf4 Ke2 65. f3 Kf2 66. Kf5 Rxh6 67. f4 Rh5+ 68. Kg6 Rh4 69. f5
Rg4+ 70. Kf7 Rg5 71. f6 Ke3 72. g8=Q Rc5 73. Qg1+ {Black resigns} 1-0

[Event "ICC tourney 1955 (60 10)"]
[Site "Internet Chess Club"]
[Date "2020.08.08"]
[Round "6"]
[White "Adhvaith0406"]
[Black "anton555"]
[Result "1/2-1/2"]
[ICCResult "Game drawn because neither player has mating material"]
[WhiteElo "2001"]
[BlackElo "2120"]
[Opening "French: Winawer (Nimzovich) variation"]
[ECO "C15"]
[NIC "FR.08"]
[Time "18:36:55"]
[TimeControl "3600+10"]

1. e4 e6 2. d4 d5 3. Nc3 Bb4 4. a3 Bxc3+ 5. bxc3 dxe4 6. Qg4 Nf6 7. Qxg7 Rg8
8. Qh6 b6 9. Ne2 Ba6 10. Bg5 Nbd7 11. Ng3 Bxf1 12. Rxf1 Rg6 13. Qh4 h6 14.
Bxf6 Nxf6 15. Nxe4 Nd5 16. Qxd8+ Rxd8 17. g3 f5 18. Nd2 Nxc3 19. Nf3 Nb5 20.
O-O-O Nxa3 21. Ne5 Rg7 22. c4 b5 23. Kb2 Nxc4+ 24. Nxc4 bxc4 25. Kc3 Rgd7
26. Rfe1 Kf7 27. Kxc4 Rd5 28. f4 a5 29. Re5 c5 30. Rde1 Rxd4+ 31. Kxc5 R8d5+
32. Kb6 Rxe5 33. Rxe5 Rd2 34. Rxa5 Rxh2 35. Ra7+ Kf6 36. Kc5 Rh3 37. Rh7
Rxg3 38. Rxh6+ Rg6 39. Rh8 Rg1 40. Rh6+ Kf7 41. Kd4 Re1 42. Rh4 Re4+ 43. Kd3
Kg6 44. Kd2 e5 45. Rh8 Rxf4 46. Ke3 Re4+ 47. Kf3 Rf4+ 48. Ke3 Re4+ 49. Kf3
Kf6 50. Rf8+ Ke6 51. Re8+ Kd5 52. Rf8 Rf4+ 53. Ke3 Ke6 54. Re8+ Kf6 55. Rf8+
Kg5 56. Re8 Kf6 57. Rf8+ Ke6 58. Re8+ Kd5 59. Rd8+ Kc4 60. Rc8+ Kb4 61. Rb8+
Kc3 62. Rc8+ Rc4 63. Re8 Re4+ 64. Kf3 Kd3 65. Rd8+ Rd4 66. Re8 e4+ 67. Kf4
e3+ 68. Kf3 f4 69. Ra8 Rc4 70. Rd8+ Rd4 71. Ra8 Rc4 72. Rd8+ Kc2 73. Ke2 Rc7
74. Rd6 Kc1 75. Rd1+ Kc2 76. Rd4 Rf7 77. Kf3 Kc3 78. Rd8 Kc4 79. Rd1 Rf5 80.
Ke4 e2 81. Rc1+ Kb3 82. Kf3 Re5 83. Re1 Re3+ 84. Kxf4 Re8 85. Kf3 Kc3 86.
Rxe2 Rxe2 87. Kxe2 {Game drawn because neither player has mating material}
1/2-1/2

[Event "ICC tourney 1955 (60 10)"]
[Site "Internet Chess Club"]
[Date "2020.08.09"]
[Round "7"]
[White "LoopyLoop"]
[Black "zappower"]
[Result "1-0"]
[ICCResult "Black resigns"]
[WhiteElo "1643"]
[BlackElo "1432"]
[Opening "Giuoco Piano"]
[ECO "C54"]
[NIC "IG.02"]
[Time "12:03:14"]
[TimeControl "3600+10"]

1. e4 e5 2. Nf3 Nc6 3. Bc4 Bc5 4. c3 Nf6 5. d3 d6 6. Nbd2 Na5 7. Bb5+ c6 8.
Ba4 b5 9. Bc2 Bb6 10. Nf1 Be6 11. Ng3 Qd7 12. O-O O-O 13. Be3 Bxe3 14. fxe3
Rfe8 15. Nh4 Nb7 16. Nhf5 Nc5 17. Qf3 d5 18. Nxg7 Kxg7 19. Qxf6+ Kg8 20.
exd5 Bxd5 21. Nf5 Ne6 22. e4 {Black resigns} 1-0

[Event "ICC tourney 1955 (60 10)"]
[Site "Internet Chess Club"]
[Date "2020.08.09"]
[Round "7"]
[White "rockinroll"]
[Black "ocean112005"]
[Result "1-0"]
[ICCResult "Black resigns"]
[WhiteElo "1821"]
[BlackElo "1654"]
[Opening "Queen's pawn, Mason variation"]
[ECO "D00"]
[NIC "QP.08"]
[Time "12:03:34"]
[TimeControl "3600+10"]

1. d4 d5 2. Bf4 Nf6 3. e3 c5 4. dxc5 Nc6 5. Bb5 a6 6. Bxc6+ bxc6 7. a3 Bf5
8. Nf3 e6 9. b4 a5 10. c3 Ne4 11. Nd4 Qd7 12. f3 Nf6 13. O-O Be7 14. Nd2 Nh5
15. N2b3 Nxf4 16. exf4 axb4 17. axb4 O-O 18. Na5 Rfc8 19. Naxc6 Rxa1 20.
Nxe7+ Qxe7 21. Qxa1 f6 22. Qa6 Rc7 23. Re1 e5 24. Nxf5 {Black resigns} 1-0

[Event "ICC tourney 1955 (60 10)"]
[Site "Internet Chess Club"]
[Date "2020.08.09"]
[Round "7"]
[White "kptl132"]
[Black "playerlucky"]
[Result "0-1"]
[ICCResult "White resigns"]
[WhiteElo "2011"]
[BlackElo "1936"]
[Opening "French: exchange variation"]
[ECO "C01"]
[NIC "FR.01"]
[Time "12:02:33"]
[TimeControl "3600+10"]

1. e4 e6 2. d4 d5 3. exd5 exd5 4. Bd3 Bd6 5. Ne2 Ne7 6. c4 dxc4 7. Bxc4 O-O
8. Nbc3 c6 9. O-O Bf5 10. Ng3 Bg6 11. Bg5 Kh8 12. Nge4 Bc7 13. Qd2 f6 14.
Be3 Nd7 15. Rae1 Nb6 16. Bb3 Ned5 17. Nxd5 Nxd5 18. Nc3 Nxe3 19. Rxe3 Bf4
{White resigns}
0-1

[Event "ICC tourney 1955 (60 10)"]
[Site "Internet Chess Club"]
[Date "2020.08.09"]
[Round "7"]
[White "Blue-Elephant1"]
[Black "aritroc"]
[Result "1-0"]
[ICCResult "Black resigns"]
[WhiteElo "2099"]
[BlackElo "1864"]
[Opening "Nimzo-Indian: Kmoch variation"]
[ECO "E20"]
[NIC "NI.30"]
[Time "12:02:42"]
[TimeControl "3600+10"]

1. d4 Nf6 2. c4 e6 3. Nc3 Bb4 4. f3 d5 5. a3 Bxc3+ 6. bxc3 O-O 7. cxd5 exd5
8. e3 Bf5 9. Bd3 Bxd3 10. Qxd3 Re8 11. Ne2 Qd6 12. O-O Nbd7 13. Ng3 g6 14.
e4 dxe4 15. fxe4 Nc5 16. Qf3 Ncxe4 17. Nxe4 Nxe4 18. Qxf7+ Kh8 19. Bf4 Qb6
20. Bxc7 Ng5 21. Qxe8+ Rxe8 22. Bxb6 axb6 23. Rfe1 Rc8 24. Re3 Nf7 25. Rb1
Nd6 26. Re6 Nc4 27. Re7 Na5 28. Rxb6 Rxc3 29. h3 Rxa3 30. d5 Ra1+ 31. Kh2
{Black resigns}
1-0

[Event "ICC tourney 1955 (60 10)"]
[Site "Internet Chess Club"]
[Date "2020.08.09"]
[Round "7"]
[White "BreatheChessAls"]
[Black "sushivishwa"]
[Result "1-0"]
[ICCResult "Black checkmated"]
[WhiteElo "1955"]
[BlackElo "1819"]
[Opening "Queen's pawn: London system"]
[ECO "A45"]
[NIC "QP.07"]
[Time "12:03:05"]
[TimeControl "3600+10"]

1. d4 Nf6 2. Bf4 e6 3. e3 d5 4. Nd2 c5 5. c3 Nc6 6. Ngf3 Bd6 7. Bg3 O-O 8.
Bd3 Qe7 9. Ne5 Nd7 10. Nxd7 Bxd7 11. Bxd6 Qxd6 12. dxc5 Qxc5 13. Bxh7+ Kxh7
14. Qh5+ Kg8 15. Ne4 Qe7 16. Ng5 Rfd8 17. Qh7+ Kf8 18. Qh8# {Black
checkmated} 1-0

[Event "ICC tourney 1955 (60 10)"]
[Site "Internet Chess Club"]
[Date "2020.08.09"]
[Round "7"]
[White "Vish1080"]
[Black "clair"]
[Result "1-0"]
[ICCResult "Black checkmated"]
[WhiteElo "1689"]
[BlackElo "1706"]
[Opening "Réti opening"]
[ECO "A04"]
[NIC "QP.11"]
[Time "12:03:04"]
[TimeControl "3600+10"]

1. Nf3 g6 2. d4 Bg7 3. c4 e6 4. Nc3 Ne7 5. e4 d5 6. cxd5 exd5 7. Bg5 dxe4 8.
Nxe4 O-O 9. Nf6+ Kh8 10. Ne5 Nbc6 11. Bc4 Nxe5 12. dxe5 Be6 13. Bxe6 fxe6
14. Qxd8 Raxd8 15. Nxh7 Nc6 16. Nxf8 Rxf8 17. f4 Nd4 18. Rd1 c5 19. Rf1 Kh7
20. Be7 Rc8 21. Bxc5 Nc2+ 22. Kd2 Rxc5 23. Rc1 Rd5+ 24. Kxc2 Bh6 25. g3 Bf8
26. Rcd1 Rc5+ 27. Kd3 Rd5+ 28. Ke4 Ra5 29. Rd7+ Kh6 30. a3 b6 31. g4 Ra4+
32. Kf3 a5 33. g5+ Kh5 34. Rh7+ Bh6 35. Rxh6# {Black checkmated} 1-0

[Event "ICC tourney 1955 (60 10)"]
[Site "Internet Chess Club"]
[Date "2020.08.09"]
[Round "7"]
[White "HR2005"]
[Black "KnightRyder3"]
[Result "1-0"]
[ICCResult "Black checkmated"]
[WhiteElo "2079"]
[BlackElo "1786"]
[Opening "Sicilian: dragon, Yugoslav attack, 10.O-O-O"]
[ECO "B78"]
[NIC "SI.18"]
[Time "12:03:11"]
[TimeControl "3600+10"]

1. e4 c5 2. Nf3 d6 3. d4 cxd4 4. Nxd4 Nf6 5. Nc3 g6 6. Be3 Bg7 7. f3 O-O 8.
Qd2 Nc6 9. Bc4 Bd7 10. O-O-O Rc8 11. Bb3 Ne5 12. Kb1 Nc4 13. Bxc4 Rxc4 14.
g4 h5 15. gxh5 Nxh5 16. b3 Rc7 17. Nd5 Rc8 18. Bh6 Bxh6 19. Qxh6 e6 20. Rhg1
exd5 21. Qxh5 dxe4 22. Rxg6+ fxg6 23. Qxg6+ Kh8 24. Qh6+ Kg8 25. Rg1+ Kf7
26. Rg7+ Ke8 27. Qg6+ Rf7 28. Qxf7# {Black checkmated} 1-0

[Event "ICC tourney 1955 (60 10)"]
[Site "Internet Chess Club"]
[Date "2020.08.09"]
[Round "7"]
[White "Kausy"]
[Black "VincentT2008"]
[Result "1-0"]
[ICCResult "Black resigns"]
[WhiteElo "1745"]
[BlackElo "1839"]
[Opening "Two knights defense"]
[ECO "C58"]
[NIC "KP.01"]
[Time "12:02:40"]
[TimeControl "3600+10"]

1. e4 e5 2. Nf3 Nc6 3. Bc4 Nf6 4. Ng5 d5 5. exd5 Na5 6. Bb5+ c6 7. dxc6 bxc6
8. Bd3 h6 9. Ne4 Nd5 10. O-O Be7 11. Ng3 O-O 12. Bf5 Bxf5 13. Nxf5 Bc5 14.
Qg4 Qf6 15. d4 Qg6 16. Qxg6 fxg6 17. Nxh6+ gxh6 18. dxc5 Kh7 19. Bd2 Nb7 20.
b4 Rae8 21. c4 Nf6 22. Nc3 Rd8 23. Be3 Ng4 24. Rfd1 Kg7 25. Rxd8 Nxd8 26.
Rd1 Nf6 27. f3 Ne6 28. Ne4 Nxe4 29. fxe4 Rb8 30. Rd7+ Kf6 31. a3 a5 32. Bd2
Nd4 33. Rd6+ Kf7 34. Kf2 Nb3 35. Bc3 axb4 36. axb4 Ra8 37. Rxc6 Ra2+ 38. Ke3
Nc1 39. Bxe5 Rxg2 40. b5 Re2+ 41. Kf3 Rc2 42. b6 Nd3 43. Bd4 Rxc4 44. Ke3
Nb4 45. Rc7+ Ke6 46. b7 Na6 47. Rc6+ {Black resigns} 1-0

[Event "ICC tourney 1955 (60 10)"]
[Site "Internet Chess Club"]
[Date "2020.08.09"]
[Round "7"]
[White "dabpacman"]
[Black "rohu333"]
[Result "0-1"]
[ICCResult "White resigns"]
[WhiteElo "1526"]
[BlackElo "1842"]
[Opening "Scandinavian: Pytel-Wade variation"]
[ECO "B01"]
[NIC "SD.02"]
[Time "12:03:34"]
[TimeControl "3600+10"]

1. e4 d5 2. exd5 Qxd5 3. Nc3 Qd6 4. Bc4 Nf6 5. Nf3 Bg4 6. Be2 e6 7. d3 c6 8.
Bg5 Nbd7 9. Qd2 Qc7 10. Nd4 Bxe2 11. Ndxe2 Bd6 12. h3 h6 13. Bf4 Rd8 14.
Bxd6 Qxd6 15. O-O O-O 16. f4 Nc5 17. Qe3 b6 18. Rad1 Rd7 19. d4 Nb7 20. Qe5
Rfd8 21. Ne4 Qxe5 {White resigns} 0-1

[Event "ICC tourney 1955 (60 10)"]
[Site "Internet Chess Club"]
[Date "2020.08.09"]
[Round "7"]
[White "pangpangba"]
[Black "StevChess01"]
[Result "1-0"]
[ICCResult "Black resigns"]
[WhiteElo "1559"]
[BlackElo "1871"]
[Opening "Sicilian: O'Kelly variation"]
[ECO "B28"]
[NIC "SI.43"]
[Time "12:03:04"]
[TimeControl "3600+10"]

1. e4 c5 2. Nf3 a6 3. c3 d5 4. exd5 Qxd5 5. d4 Nc6 6. dxc5 Qxd1+ 7. Kxd1 e6
8. b4 g6 9. Bb2 Bg7 10. a3 Bd7 11. Kc2 Nge7 12. Nbd2 O-O 13. Nc4 Nf5 14. Rd1
Rad8 15. Nd6 Nxd6 16. Rxd6 e5 17. c4 Bf5+ 18. Kb3 Rfe8 19. Be2 Bf8 20. Rxd8
Rxd8 21. Rd1 Rxd1 22. Bxd1 Bg7 23. b5 Nd4+ 24. Nxd4 exd4 25. Bf3 axb5 26.
cxb5 Be6+ 27. Kc2 Bc4 28. c6 Bxb5 29. cxb7 Be5 30. Bxd4 Ba4+ 31. Kd3 Bb8 32.
Kc4 Kf8 33. Kb4 Bd7 34. a4 Bf5 35. Kb5 Bd3+ 36. Kb6 Ke7 37. a5 Kd7 38. Bc6+
Kd6 39. Bc5+ Ke6 40. a6 Be5 41. a7 Bf6 42. a8=Q {Black resigns} 1-0

[Event "ICC tourney 1955 (60 10)"]
[Site "Internet Chess Club"]
[Date "2020.08.09"]
[Round "7"]
[White "joeandjoe56"]
[Black "whyyoutrysohard"]
[Result "1-0"]
[ICCResult "Black resigns"]
[WhiteElo "1824"]
[BlackElo "1603"]
[Opening "Sicilian: dragon, Yugoslav attack, Rauser variation"]
[ECO "B76"]
[NIC "SI.17"]
[Time "12:03:26"]
[TimeControl "3600+10"]

1. e4 c5 2. Nf3 d6 3. d4 cxd4 4. Nxd4 Nf6 5. Nc3 g6 6. Be3 Bg7 7. f3 O-O 8.
Qd2 Nc6 9. O-O-O d5 10. Qe1 e6 11. h4 Qe7 12. Nxc6 bxc6 13. e5 Nd7 14. f4 c5
15. Bd2 Rb8 16. h5 c4 17. hxg6 Qb4 18. b3 Qa3+ 19. Kb1 cxb3 20. cxb3 Nc5 21.
Nb5 Qa6 22. Bb4 {Black resigns} 1-0

[Event "ICC tourney 1955 (60 10)"]
[Site "Internet Chess Club"]
[Date "2020.08.09"]
[Round "7"]
[White "GutsyEdge"]
[Black "smilingfloor"]
[Result "1-0"]
[ICCResult "Black resigns"]
[WhiteElo "2078"]
[BlackElo "1932"]
[Opening "Queen's gambit declined"]
[ECO "D30"]
[NIC "QP.08"]
[Time "12:03:00"]
[TimeControl "3600+10"]

1. d4 d5 2. c4 e6 3. Nf3 c5 4. cxd5 exd5 5. g3 Nc6 6. Bg2 Nf6 7. O-O Be7 8.
dxc5 Bxc5 9. Qc2 Be7 10. Rd1 O-O 11. Nc3 Be6 12. Ng5 Rc8 13. Nxe6 fxe6 14.
Bh3 Qd7 15. e4 d4 16. Qb3 Nd8 17. e5 Ne8 18. Ne2 Bc5 19. Be3 Kh8 20. Nxd4
Bxd4 21. Rxd4 Qf7 22. Rf4 Qe7 23. Rxf8+ Qxf8 24. Bxe6 Nxe6 25. Qxe6 Nc7 26.
Qd6 Qf7 27. Rc1 Kg8 28. e6 Qf8 29. e7 Qe8 30. Rxc7 Rxc7 31. Qxc7 Kf7 32.
Qf4+ Kxe7 33. Qe5+ Kf7 34. Qxe8+ Kxe8 35. Bxa7 Kd7 36. Be3 Kd6 37. b4 Kc6
38. a4 Kd5 39. b5 Kc4 40. Kf1 Kb4 41. b6 Kxa4 42. Ke2 Kb5 43. Kd3 Kc6 44.
Kc4 g6 45. h4 h5 46. f3 Kd6 47. g4 Ke6 48. gxh5 gxh5 49. Kc5 Ke5 50. Bd2 Ke6
51. Kd4 Kf5 52. Kd5 {Black resigns} 1-0

[Event "ICC tourney 1955 (60 10)"]
[Site "Internet Chess Club"]
[Date "2020.08.09"]
[Round "7"]
[White "Atharva10"]
[Black "Leolix"]
[Result "1-0"]
[ICCResult "Black resigns"]
[WhiteElo "2058"]
[BlackElo "1926"]
[Opening "Sicilian defense"]
[ECO "B40"]
[NIC "SI.43"]
[Time "12:03:14"]
[TimeControl "3600+10"]

1. e4 c5 2. Nf3 e6 3. Nc3 Nc6 4. Bb5 d5 5. exd5 exd5 6. d4 Nf6 7. O-O Be7 8.
dxc5 Bxc5 9. Bg5 a6 10. Ba4 Be6 11. Bb3 d4 {Black resigns} 1-0

[Event "ICC tourney 1955 (60 10)"]
[Site "Internet Chess Club"]
[Date "2020.08.09"]
[Round "7"]
[White "Zach-Ry"]
[Black "Roger436"]
[Result "1-0"]
[ICCResult "Black checkmated"]
[WhiteElo "1782"]
[BlackElo "1569"]
[Opening "Sicilian: Grand Prix attack"]
[ECO "B23"]
[NIC "SI.44"]
[Time "12:03:07"]
[TimeControl "3600+10"]

1. e4 c5 2. Nc3 Nc6 3. f4 g6 4. Nf3 Bg7 5. Bc4 e6 6. d3 Nge7 7. O-O O-O 8.
Ne2 d5 9. Bb3 b5 10. c3 a5 11. Ng3 c4 12. Bc2 b4 13. d4 Bd7 14. Ne5 a4 15.
Nxd7 Qxd7 16. Bxa4 Qa7 17. Bc2 b3 18. Bb1 bxa2 19. Rxa2 Qb6 20. Rxa8 Rxa8
21. f5 Nc8 22. fxg6 hxg6 23. exd5 exd5 24. Qf3 Nd6 25. Qxd5 Ne7 26. Qxa8+
Kh7 27. Qf3 Qc7 28. Ne4 Nef5 29. Nxd6 Nxd6 30. Bf4 Bf8 31. Qh3+ Kg8 32. Be5
Bg7 33. Bxg7 Kxg7 34. Qf3 Qe7 35. h3 Ne8 36. Be4 Nd6 37. Bd5 Kg8 38. Bxf7+
Nxf7 39. Qxf7+ Qxf7 40. Rxf7 Kxf7 41. Kf2 Ke6 42. h4 Kf5 43. Kf3 g5 44. hxg5
Kxg5 45. d5 Kf5 46. g4+ Ke5 47. g5 Kxd5 48. g6 Ke6 49. Ke4 Kf6 50. Kd4 Kxg6
51. Kxc4 Kf7 52. Kb5 Ke7 53. Kb6 Kd8 54. c4 Kc8 55. c5 Kb8 56. Kc6 Kc8 57.
b4 Kb8 58. Kd7 Kb7 59. b5 Kb8 60. Kc6 Kc8 61. b6 Kb8 62. b7 Ka7 63. Kc7 Ka6
64. b8=Q Ka5 65. Kc6 Ka4 66. Qb5+ Ka3 67. Kd5 Ka2 68. Kc4 Ka1 69. Kc3 Ka2
70. Qb2# {Black checkmated} 1-0